 Dungeon Crawl Stone Soup version 0.31-a0-1202-ga8fea8b373 (webtiles) character file.

Game seed: 5051584366399636369

14 C1p86 the Vexing (level 2, -1/23 HPs)
             Began as a Gnoll Hexslinger on Dec 12, 2023.
             Slain by a jackal (3 damage)
             ... on level 1 of the Dungeon.
             The game lasted 00:04:02 (594 turns).

C1p86 the Vexing (Gnoll Hexslinger)                  Turns: 594, Time: 00:04:03

Health: -1/23      AC:  2    Str:  7    XL:     2   Next: 41%
Magic:  5/5        EV: 13    Int: 12    God:
Gold:   11         SH:  0    Dex: 14    Spells: 6/6 levels left

rFire   . . .        a - +1 sling
rCold   . . .        (no shield)
rNeg    . . .        c - +0 robe
rPois   .            (no helmet)
rElec   .            (no cloak)
rCorr   .            (no gloves)
SInv    .            (no boots)
Will    .....        (no amulet)
Stlth   +            (no ring)
HPRegen 0.23/turn    (no ring)
MPRegen 0.09/turn

%: no passive effects
@: no status effects
A: fangs 1, strong nose, distributed training
a: no special abilities


You were on level 1 of the Dungeon.
You visited 1 branch of the dungeon, and saw 1 of its levels.

You collected 11 gold pieces.

Inventory:

Hand Weapons
 a - a +1 sling (weapon)
 g - a +0 whip
 i - a +0 dagger
Missiles
 f - 5 stones
 h - 7 boomerangs
Armour
 c - a +0 robe (worn)
Scrolls
 b - a scroll of poison
Potions
 d - a potion of resistance {unknown}
 e - a potion of haste {unknown}


   Skills:
 + Level 2.5 Fighting
 + Level 0.4 Short Blades
 + Level 0.4 Long Blades
 + Level 0.4 Axes
 + Level 0.4 Maces & Flails
 + Level 0.4 Polearms
 + Level 0.4 Staves
 + Level 4.5 Ranged Weapons
 + Level 0.4 Throwing
 + Level 0.4 Armour
 + Level 4.5 Dodging
 + Level 0.4 Stealth
 + Level 0.4 Shields
 + Level 0.4 Unarmed Combat
 + Level 2.7 Spellcasting
 + Level 0.2 Conjurations
 + Level 5.3 Hexes
 + Level 0.2 Summonings
 + Level 0.2 Necromancy
 + Level 0.2 Translocations
 + Level 0.2 Transmutations
 + Level 2.0 Fire Magic
 + Level 0.2 Ice Magic
 + Level 0.2 Air Magic
 + Level 0.2 Earth Magic
 + Level 0.2 Poison Magic
 + Level 0.5 Invocations
 + Level 0.4 Evocations
 + Level 0.3 Shapeshifting


You had 6 spell levels left.
You didn't know any spells.
Your spell library contained the following spells:

 Spells                   Type           Power      Damage    Failure   Level
 Jinxbite                 Hex            28%        N/A       4%          2
 Sigil of Binding         Hex            14%        N/A       9%          3
 Inner Flame              Hex/Fire       10%        N/A       17%         3
 Cause Fear               Hex            7%         N/A       28%         4
 Dimensional Bullseye     Hex/Tloc       4%         N/A       61%         4


Dungeon Overview and Level Annotations

Branches:
Dungeon (1/15)

Altars:


Innate Abilities, Weirdness & Mutations

You have very sharp teeth.
Your uncanny sense of smell can sniff out nearby items.
Your experience applies equally to all skills.


Message History

The jackal attacks as it pursues you! The jackal misses you.
The jackal closely misses you.
You see here a bat corpse.
You shoot a sling bullet. The sling bullet hits the jackal.
The jackal is lightly wounded.
The jackal closely misses you. The ball python completely misses you.
The ball python grabs you. The ball python constricts you.
The jackal completely misses you. The jackal bites you.
You escape the ball python's grasp.
The jackal attacks as it pursues you! The jackal closely misses you.
The jackal barely misses you. The jackal barely misses you.
The ball python bites you but does no damage.
The ball python closely misses you. The jackal bites you.
The ball python closely misses you. The ball python grabs you.
The ball python constricts you. The jackal bites you.
The ball python bites you.
* * * LOW HITPOINT WARNING * * *
The ball python constricts you.
You escape the ball python's grasp.
The jackal misses you.
The jackal bites you but does no damage.
The hobgoblin hits you.
* * * LOW HITPOINT WARNING * * *
The jackal barely misses you. The jackal bites you.
* * * LOW HITPOINT WARNING * * *
The jackal attacks as it pursues you! The jackal misses you.
You shoot a sling bullet. The sling bullet hits the jackal.
The jackal is lightly wounded.
The jackal barely misses you.
You shoot a sling bullet.
The sling bullet barely misses the jackal.
The jackal misses you. The jackal barely misses you.
You shoot a sling bullet. The sling bullet hits the jackal.
The jackal is moderately wounded.
The jackal barely misses you.
The jackal pauses to sniff the ground.
The jackal closely misses you. The jackal misses you. x2
You shoot a sling bullet.
The sling bullet closely misses the jackal.
The jackal bites you.
You die...

### ####.# #.# ##....#
#######.########
#..####
...............# ##.##
##.............# ##..#
...............#
##..##
†#...........#####..##
.##..........###h..##
..#.##.#.†.###gh@###
.....#.#.......####
#.##...#....†.....#
)........†.†......#
.###.###..........# .
#.# #+##.>.....# #..
.........#
####...........#
#...........#


You could see 2 jackals and a hobgoblin.

Vanquished Creatures
  2 bats (D:1)
  An endoplasm (D:1)
  2 giant cockroaches (D:1)
  2 goblins (D:1)
  A jackal (D:1)
  3 frilled lizards (D:1)
  A kobold (D:1)
  A rat (D:1)
13 creatures vanquished.

Notes
Turn   | Place    | Note
-------+----------+-------------------------------------------
     0 | D:1      | C1p86 the Gnoll Hexslinger began the quest for the Orb.
     0 | D:1      | Reached XP level 1. HP: 17/17 MP: 4/4
   535 | D:1      | Reached XP level 2. HP: 21/23 MP: 5/5
   589 | D:1      | HP: 1/23 [jackal (1)]
   594 | D:1      | Slain by a jackal

Illustrated notes

Levels and vault maps discovered:
D:1:      minmay_arrival_wavy_path, layout_basic

Skill      XL: |  1 |
---------------+----+-----
Fire Magic     | 2 |  2.0
Fighting       | |  2.5
Short Blades   | |  0.4
Long Blades    | |  0.4
Axes           | |  0.4
Maces & Flails | |  0.4
Polearms       | |  0.4
Staves         | |  0.4
Ranged Weapons | |  4.5
Throwing       | |  0.4
Armour         | |  0.4
Dodging        | |  4.5
Stealth        | |  0.4
Shields        | |  0.4
Unarmed Combat | |  0.4
Spellcasting   | |  2.7
Conjurations   | |  0.2
Hexes          | |  5.3
Summonings     | |  0.2
Necromancy     | |  0.2
Translocations | |  0.2
Transmutations | |  0.2
Ice Magic      | |  0.2
Air Magic      | |  0.2
Earth Magic    | |  0.2
Poison Magic   | |  0.2
Invocations    | |  0.5
Evocations     | |  0.4
Shapeshifting  | |  0.3

Action                     || total
---------------------------++-------
   Fire: Sling             ||    42
 Armour: Robe              ||    41
  Dodge: Dodged            ||    67

Table legend: (Time is in decaauts)
 A = Elapsed time spent in this place.
 B = Non-inter-level travel time spent in this place.
 C = Inter-level travel time spent in this place.
 D = Time resting spent in this place.
 E = Time spent auto-exploring this place.
 F = Levels seen in this place.
 G = Mean time per level.
                   A        B        C        D        E       F      G
               +--------+--------+--------+--------+--------+-----+--------+
         Total |    601 |    431 |    170 |      0 |     90 |   1 |  601.0 |
       Dungeon |    601 |    431 |    170 |      0 |     90 |   1 |  601.0 |
               +--------+--------+--------+--------+--------+-----+--------+

Top non-repeatable levels by time:
     D:1: 601 daAuts
